Map: Orbital Shipyard

Players

protostitute

  • Race: Terran Terran
  • League: Bronze

ironfish - Winner!

  • Race: Terran Terran

VOD

Have the link to the VOD?

Description

Attempting reaper all-in.

Time

  • Played on: Nov. 10, 2015, 3:32 p.m.
  • Length: 3:58
Show
View Real Time Build Order
Export as new Build Order

protostitute Terran 

Build Orders:  

Get SALT Encoding   

  12  0:01  SCV  
  13  0:18  Supply Depot, SCV  
  14  0:30  SCV  
  15  0:41  Barracks  
  15  0:42  SCV  
  16  0:54  SCV  
  16  0:55  Supply Depot  
  17  1:06  SCV  
  18  1:23  Command Center  
  18  1:32  Orbital Command  
  18  1:37  Marine  
  19  1:51  Refinery  
  19  1:55  Marine  
  19  1:58  SCV  
  21  2:06  Refinery  
  21  2:10  SCV  
  21  2:13  Marine  
  23  2:23  SCV  
  23  2:27  Barracks  
  23  2:29  Barracks  
  24  2:35  Orbital Command  
  24  2:38  SCV  
  25  2:49  Factory  
  25  2:50  SCV  
  26  2:57  Marine  
  25  3:15  Marine  
  25  3:17  Marine  
  19  3:33  Marine  
  19  3:35  Marine  
Show
View Real Time Build Order
Export as new Build Order

ironfish Terran - Winner!

Build Orders: Reaper Expand 

Get SALT Encoding   

  12  0:08  Supply Depot  
  12  0:19  Refinery  
  12  0:37  Barracks  
  12  1:00  Barracks  
  12  1:01  SCV  
  13  1:24  Reaper  
  14  1:37  Orbital Command  
  14  1:48  Reaper  
  15  1:57  Reaper  
  16  2:20  Reaper  
  17  2:28  Command Center  
  18  2:30  Reaper  
  18  2:52  Reaper  
  18  3:23  Reaper  
Tags
 
Add a new tag
Caveats
  • Supply blocks, unpowered buildings, or Contaminate may cause inaccurate times.
  • Supply counts are checked every 10 seconds.